 Dungeon Crawl Stone Soup version 0.21.1-1-g345015f (webtiles) character file.

18 spiff the Sneak (level 2, -1/22 HPs)
             Began as a Naga Enchanter on July 1, 2018.
             Slain by Robin
             ... wielding a +0 spear
              (3 damage)
             ... on level 1 of the Dungeon.
             The game lasted 00:04:12 (921 turns).

spiff the Sneak (Naga Enchanter)                     Turns: 921, Time: 00:04:13

Health: -1/22      AC:  1    Str: 10    XL:     2   Next: 70%
Magic:  1/5        EV: 10    Int: 15    God:
Gold:   38         SH:  0    Dex: 11    Spells: 2/5 levels left

rFire    . . .     SeeInvis +   a - +1 dagger
rCold    . . .     Gourm    .   (no shield)
rNeg     . . .     Faith    .   b - +0 robe
rPois    +         Spirit   .   (no helmet)
rElec    .         Reflect  .   (no cloak)
rCorr    .         Harm     .   (no gloves)
MR       .....                  (no barding)
Stlth    +++.......             (no amulet)
HPRegen  0.07/turn              (no ring)
MPRegen  0.09/turn              (no ring)

@: short of breath, very slow
A: large, see invisible, deformed body, poison resistance, slowness 2, slow
metabolism 1, spit poison 1, AC +0
a: Spit Poison


You were on level 1 of the Dungeon.
You were not hungry.

You visited 1 branch of the dungeon, and saw 2 of its levels.

You collected 38 gold pieces.

Inventory:

Hand Weapons
 a - a +1 dagger (weapon)
Missiles
 h - 2 throwing nets (quivered)
Armour
 b - a +0 robe (worn)
Jewellery
 l - an uncursed amulet of faith {unknown}
Scrolls
 f - 3 scrolls of identify {unknown}
 i - a scroll of teleportation {unknown}
 k - a scroll of immolation {unknown}
 m - a scroll of enchant weapon {unknown}
 n - a scroll of amnesia {unknown}
Potions
 e - 2 potions of degeneration {unknown}
 j - a potion of curing {unknown}
Books
 c - a book of Maledictions

   Spells                             Type                      Level
   a - Corona                         Hexes                        1
   b - Ensorcelled Hibernation        Hexes/Ice                    2
   c - Confuse                        Hexes                        3
   d - Tukima's Dance                 Hexes                        3
   e - Dazzling Spray                 Conjuration/Hexes            3
Comestibles
 d - 3 rations
 g - 4 chunks of flesh


   Skills:
 - Level 1.0 Short Blades
 - Level 1.5 Dodging
 + Level 5.0 Stealth
 + Level 2.3 Spellcasting
 + Level 3.3 Hexes


You had 2 spell levels left.
You knew the following spells:

 Your Spells              Type           Power        Failure   Level  Hunger
a - Corona                Hex            ##.....      5%          1    #......
b - Ensorcelled Hibernat  Hex/Ice        #.....       16%         2    ###....


Dungeon Overview and Level Annotations

Branches:
Dungeon (2/15)

Altars:

Annotations:
D:1 exclusion: gnoll, Robin


Innate Abilities, Weirdness & Mutations

You cannot wear boots.
Your serpentine skin is tough. (AC +0)
You have supernaturally acute eyesight. (SInv)
Armour fits poorly on your strangely shaped body.
Your system is resistant to poisons. (rPois)
You cover ground very slowly.
You have a slow metabolism.
You can spit poison.


Message History

Casting: Ensorcelled Hibernation
Confirm with . or Enter, or press ? or * to list all spells.
Aiming: Ensorcelled Hibernation
Press: ? - help, Shift-Dir - straight line, f/p - Robin
Aim: Robin, wielding a spear, wearing an animal skin and wearing a helmet (chance to defeat MR: 47%)
The goblin resists with significant effort.
The goblin hits you. Robin throws the goblin at you!
The goblin unwields an uncursed hunting sling.
The goblin wields an uncursed dagger.
The goblin barely misses you.
Casting: Ensorcelled Hibernation
Confirm with . or Enter, or press ? or * to list all spells.
Aiming: Ensorcelled Hibernation
Press: ? - help, Shift-Dir - straight line, f/p - Robin
Aim: Robin, wielding a spear, wearing an animal skin and wearing a helmet (chance to defeat MR: 47%) Robin looks drowsy...
The goblin hits you.
* * * LOW HITPOINT WARNING * * *
The goblin barely misses you.
Robin shouts!
The goblin barely misses you. Robin hits you with a spear.
You die...

##............#######.#.#.......#
###.).######....##....#.#.......#
.####.# ##...................# .#
#(########........#.#.......# .##
#............#....#.......... ..#
#..(................#......#.
..###.............>..##..........
#...#...(......g##.##............
#.#.#......(....@g.##.........###
..............g.#..##.........###
........##.#######............#..
.........#.# ##...........#.#
...........# ######..............
..........####................#..
...............######.........#..
.....)...#####.# #............
##........##...# ###.##.#...###.


You could see Robin and 2 goblins.

Vanquished Creatures
  4 bats (D:1)
  4 goblins (D:1)
  3 jackals (D:1)
  A ball python (D:1)
  2 kobolds (D:1)
  4 rats (D:1)
18 creatures vanquished.

Notes
Turn   | Place    | Note
-------+----------+-------------------------------------------
     0 | D:1      | spiff the Naga Enchanter began the quest for the Orb.
     0 | D:1      | Reached XP level 1. HP: 15/15 MP: 3/3
   258 | D:1      | Reached XP level 2. HP: 11/22 MP: 5/5
   375 | D:1      | Learned a level 2 spell: Ensorcelled Hibernation
   910 | D:2      | Noticed Robin
   918 | D:1      | Reached skill level 5 in Stealth
   921 | D:1      | Slain by Robin

Skill      XL: |  1  2 |
---------------+-------+-----
Stealth        | 5 |  5.0
Short Blades   | |  1.0
Dodging        | |  1.5
Spellcasting   | |  2.3
Hexes          | |  3.3

Action                   || total
-------------------------++-------
Melee: Dagger            ||    45
 Cast: Ensorcelled Hiber ||     2
 Abil: Spit Poison       ||     4
 Stab: Sleeping          ||     5
Armor: Robe              ||     9
Dodge: Dodged            ||    44
